 Dungeon Crawl Stone Soup version 0.16-a0-3178-g2c88c44 (webtiles) character file.

1105 RobertPalmer the Prestidigitator (level 8, -4/48 HPs)
             Began as an Octopode Artificer on Dec 17, 2014.
             Slain by an ogre
             ... wielding a +0 giant club
              (21 damage)
             ... on level 6 of the Dungeon.
             The game lasted 00:12:04 (6796 turns).

RobertPalmer the Prestidigitator (OpAr)             Turns: 6796, Time: 00:12:04

Health: -4/48      AC:  1    Str: 11    XL:     8   Next: 32%
Magic:  20/20      EV: 13    Int: 14    God:
Gold:   185        SH:  0    Dex: 14    Spells: 0 memorised, 7 levels left

rFire  + . .     SeeInvis .     a - +0 dagger (drain)
rCold  . . .     Clarity  .     (no shield)
rNeg   . . .     SustAb   .     (helmet restricted)
rPois  .         Gourm    .     (no amulet)
rElec  .         Spirit   .     s - ring of protection from fire
rCorr  .         Warding  .     (no ring)
rMut   .         Stasis   .     (no ring)
MR     .....                    (no ring)
Stlth  +++.......               (no ring)
                                (no ring)
                                (no ring)
                                (no ring)

@: very slightly contaminated, not resistant to hostile enchantments, fairly
stealthy
A: almost no armour, amphibious, 8 rings, constrict 8, camouflage 1, gelatinous
body 1
a: no special abilities


You were on level 6 of the Dungeon.
You were very hungry.

You visited 2 branches of the dungeon, and saw 7 of its levels.

You collected 185 gold pieces.


Innate Abilities, Weirdness & Mutations

You cannot wear most types of armour.
You are amphibious.
You can wear up to eight rings at the same time.
You can use your tentacles to constrict many enemies at once.
Your skin changes colour to match your surroundings (Stealth).
Your rubbery body absorbs attacks (AC +1).


   Skills:
 - Level 1.0 Fighting
 - Level 1.0 Short Blades
 + Level 3.6 Dodging
 - Level 1.3 Stealth
 - Level 11.1 Evocations


You had 7 spell levels left.
You didn't know any spells.

Inventory:

Hand weapons
 a - a +0 dagger of draining (weapon)
 b - a +0 blowgun
Missiles
 l - 41 poisoned needles
Jewellery
 n - an uncursed ring of wizardry
 s - a ring of protection from fire (left tentacle)
 t - a cursed ring of teleportation
Magical devices
 c - a wand of enslavement (12)
 d - a wand of random effects (9)
 v - a wand of confusion (30)
 x - a wand of flame (3)
Scrolls
 i - 3 scrolls of remove curse {unknown}
 o - a scroll of magic mapping
 w - a scroll of identify
Potions
 e - 2 potions of might
 k - a potion of cancellation
 m - a potion of degeneration {unknown}
 p - a potion of poison {unknown}
Comestibles
 f - 4 bread rations
 h - 2 beef jerkies
 j - 4 meat rations
 u - 7 fruits

Dungeon Overview and Level Annotations

Branches:
Dungeon (6/15)             Temple (1/1) D:4

Altars:
Ashenzari
Cheibriados
Dithmenos
Fedhas
Gozag
Kikubaaqudgha
Makhleb
Okawaru
Qazlal
Ru
Sif Muna
Trog
Vehumet
Yredelemnul
Zin
The Shining One

Shops:
D:5 !

Annotations:
D:4 RobertPalmer's ghost, experienced OpAr

***,****,##***,***,,***,,,**
,,,,* *,.,**,,**,*** *,,,,*
,,.,##*##.,,,*,,,** **,,,**
,,....##..******,## *,,,,***
,........#* *,.# *,,,,,,**
*#...*#..# *,.# **,,,,,,**
##..#*#..# ##.### *,,,,,,,, #...#
*#.## ##....###**,,,*****
#...####..# ##Ox.....#*,,*** *
#........g####...##......** *
...........#..o.##,,,...,***** *
....£......o.g###,,,,,,.,,**≈****
.........###..#*,,,,,,**,,*≈≈≈≈≈≈
.#####..## ##....,,,,,***,*≈≈≈*≈≈
o.,**#..# ##.....,,** *,**≈**≈≈
.o.,...## *......** **,*≈*≈≈≈
o.o....#* *#....,* *,*≈*≈∩≈


You could see an orc warrior, an ogre, an orc and a hobgoblin.


Message History

Your surroundings suddenly seem different.
Found 6 gold pieces.
A hobgoblin comes into view. It is wielding a club.
Read which item? (? for menu, Esc to quit)
As you read the scroll labeled STITSU GULO, it crumbles to dust.
You feel aware of your surroundings.
You sensed 1 altar, and 1 shop/portal.
It was a scroll of magic mapping. 3 orcs and an orc warrior come into view.
The orc shouts!
An orc wizard comes into view. It is wielding a dagger.
The hobgoblin shouts!
The orc warrior shouts!
You barely miss the hobgoblin. You grab the hobgoblin.
The hobgoblin misses you.
You release your grip on the hobgoblin.
An ogre comes into view. It is wielding a giant club.
The ogre shouts!
The hobgoblin barely misses you. The ogre hits you with a giant club!!
* * * LOW HITPOINT WARNING * * *
The hobgoblin hits you with a club.
* * * LOW HITPOINT WARNING * * *
The hobgoblin closely misses you.
The orc wizard casts a spell.
The orc wizard flickers and vanishes!
Deactivating autopickup; reactivate with Ctrl-A.
Evoke which item? (* to show all) (? for menu, Esc to quit)
Zapping:
c - a wand of enslavement (13)
Aim: an ogre, wielding a giant club The ogre struggles to resist.
This wand has 12 charges left.
The ogre hits you with a giant club!!
You die...

Action                   |  1- 3 |  4- 6 |  7- 9 || total
-------------------------+-------+-------+-------++-------
Melee: Short sword       |    73 |    44 |       ||   117
       Dagger            |       |    76 |   101 ||   177
 Fire: Blowgun           |       |       |     6 ||     6
Evoke: Wand              |     1 |    10 |    11 ||    22
  Use: Scroll            |       |     4 |     8 ||    12
       Potion            |       |     3 |       ||     3
 Stab: Sleeping          |     5 |     5 |       ||    10
       Distracted        |       |     1 |       ||     1
       Confused          |       |       |     2 ||     2
  Eat: Chunk             |     3 |     8 |     6 ||    17

Vault maps used:
D:1:      mrwooster_arrival_statue_2
D:2:      led_sif_pool, nicolae_ru_awakened_eye, uniq_jessica, uniq_sigmund
D:3:      vehumet_crystals, grunt_temple_overflow_open, zin_angel,
          trog_three_pillars_becter
D:4:      kennysheep_mini_moat, minmay_temple_entry_junction, hex_tiny
D:5:      kennysheep_mini, first_bread, serial_shops, shop, uniq_prince_ribbit1
D:6:      elyvilon_altar_4, gup_sewer_entry_bubbles, uniq_pikel, uniq_grinder,
          uniq_natasha
Temple:   nicolae_temple_hex_pool_5

Notes
Turn   | Place    | Note
--------------------------------------------------------------
     0 | D:1      | RobertPalmer, the Octopode Artificer, began the quest for the Orb.
     0 | D:1      | Reached XP level 1. HP: 13/13 MP: 1/1
   441 | D:1      | Reached skill level 4 in Evocations
   441 | D:1      | Reached XP level 2. HP: 12/18 MP: 3/3
  1233 | D:2      | Noticed Sigmund
  1468 | D:2      | Noticed Jessica
  1477 | D:2      | Reached XP level 3. HP: 20/23 MP: 5/5
  1652 | D:2      | Killed Jessica
  1652 | D:2      | Reached skill level 5 in Evocations
  1752 | D:2      | Found a deep blue altar of Sif Muna.
  1810 | D:2      | Found a sacrificial altar of Ru.
  1935 | D:2      | Reached XP level 4. HP: 26/28 MP: 7/7
  1997 | D:2      | Killed Sigmund
  1997 | D:2      | Reached skill level 6 in Evocations
  1997 | D:2      | Reached XP level 5. HP: 16/33 MP: 8/10
  2506 | D:2      | Reached skill level 7 in Evocations
  2761 | D:3      | Found a bloodstained altar of Trog.
  2881 | D:3      | Found a radiant altar of Vehumet.
  3001 | D:3      | Found an ancient bone altar of Kikubaaqudgha.
  3049 | D:3      | Found an opulent altar of Gozag.
  3051 | D:3      | Found a basalt altar of Yredelemnul.
  3052 | D:3      | Found a bloodstained altar of Trog.
  3052 | D:3      | Found a shattered altar of Ashenzari.
  3266 | D:3      | Found a glowing silver altar of Zin.
  3266 | D:3      | Noticed an angel
  3594 | D:4      | Reached XP level 6. HP: 35/38 MP: 13/13
  3645 | D:4      | Reached skill level 8 in Evocations
  3810 | D:4      | Found a burning altar of Makhleb.
  3830 | D:4      | Found a staircase to the Ecumenical Temple.
  3850 | D:4      | Noticed RobertPalmer's ghost (experienced OpAr)
  3915 | Temple   | Entered the Ecumenical Temple
  4118 | D:5      | Entered Level 5 of the Dungeon
  4328 | D:5      | Reached skill level 9 in Evocations
  4328 | D:5      | Reached XP level 7. HP: 10/43 MP: 15/17
  5163 | D:5      | Found an iron altar of Okawaru.
  5346 | D:5      | Found Eguorob's Distillery.
  5383 | D:5      | Noticed Prince Ribbit
  5395 | D:5      | Killed Prince Ribbit
  5395 | D:5      | Reached skill level 10 in Evocations
  5424 | D:5      | Reached XP level 8. HP: 18/48 MP: 20/20
  5733 | D:5      | Reached skill level 11 in Evocations
  6540 | D:5      | Reached skill level 3 in Dodging
  6796 | D:6      | Slain by an ogre

Vanquished Creatures
  Prince Ribbit (D:5)
  2 sky beasts (D:5)
  2 centaurs (D:5)
  Sigmund (D:2)
  A giant frog (D:4)
  A scorpion (D:5)
  A goliath beetle (D:5)
  A giant frog skeleton (D:6)
  2 orc wizards (D:5)
  2 iguanas
  Jessica (D:2)
  2 hound zombies (D:5)
  A hound skeleton (D:5)
  5 adders
  2 giant mites
  A shadow imp (D:4)
  2 worms
  3 giant geckos
  An ooze (D:5)
  7 orcs
  14 bats
  A bat skeleton (D:5)
  4 giant cockroaches
  7 goblins
  6 hobgoblins
  12 jackals
  7 kobolds
  A giant cockroach zombie (D:5)
  4 giant newts
  7 rats
102 creatures vanquished.

Vanquished Creatures (others)
  A butterfly (D:6)
1 creature vanquished.

Grand Total: 103 creatures vanquished
